[Event "***Titled Tuesday 3|2 Blitz"]
[Site "Chess.com"]
[Date "2017.02.07"]
[Round "6"]
[White "MFBerna"]
[Black "kiborg1987"]
[Result "0-1"]
[WhiteElo "2245"]
[BlackElo "2627"]
[TimeControl "180+2"]
[EndTime "14:23:54 PST"]
[Termination "kiborg1987 won on time"]

1. d4 e6 2. c4 Bb4+ 3. Bd2 a5 4. a3 Bxd2+ 5. Qxd2 d6 6. Nf3 Nf6 7. Nc3 O-O 8. e4 Nc6 9. Be2 e5 10. d5 Nb8 11. O-O a4 12. c5 Nbd7 13. cxd6 cxd6 14. Ne1 Nc5 15. Qe3 Nfd7 16. Nd3 Nxd3 17. Bxd3 Nc5 18. Bc2 f5 19. f4 exf4 20. Rxf4 g5 21. Rff1 f4 22.
Qd4 Qf6 23. Rad1 Bd7 24. Qxf6 Rxf6 25. Rd4 g4 26. Rc4 Re8 27. e5 Rxe5 28. Rcxf4 Rxf4 29. Rxf4 b5 30. Kf2 h5 0-1

[Event "***Titled Tuesday 3|2 Blitz"]
[Site "Chess.com"]
[Date "2017.02.07"]
[Round "6"]
[White "gammagramma"]
[Black "Angry_Serb"]
[Result "1-0"]
[WhiteElo "2444"]
[BlackElo "2408"]
[TimeControl "180+2"]
[EndTime "14:24:11 PST"]
[Termination "gammagramma won by resignation"]

1. d4 Nf6 2. Bg5 Ne4 3. Bf4 e5 4. Bxe5 Nc6 5. Nd2 d6 6. Nxe4 dxe5 7. dxe5 Qe7 8. Nf3 Nxe5 9. Nxe5 Qxe5 10. Nc3 Bb4 11. Qd3 Bf5 12. Qg3 Qxg3 13. hxg3 O-O-O 14. Rc1 Rd6 15. Rh4 Bxc3+ 16. bxc3 Rc6 17. e4 Re8 18. Bd3 Bg6 19. Kd2 h6 20. Re1 Re5 21. f4 Ra5 22. f5 Bh7 23. e5 Kd8 24. a4 Rac5 25. Rg4 g5 26. Rd4+ Kc8 27. g4 Bg8 28. f6 b5 29.
axb5 Rb6 30. Bf5+ Kb7 31. c4 a6 32. Rd8 Rxc4 33. bxa6+ Rxa6 34. Bc8+ Ka7 1-0

[Event "***Titled Tuesday 3|2 Blitz"]
[Site "Chess.com"]
[Date "2017.02.07"]
[Round "6"]
[White "Generalas"]
[Black "Vrolijk"]
[Result "0-1"]
[WhiteElo "2177"]
[BlackElo "2301"]
[TimeControl "180+2"]
[EndTime "14:24:11 PST"]
[Termination "Vrolijk won on time"]

1. Nf3 Nf6 2. c4 e6 3. b3 a6 4. g3 b5 5. Bg2 Bb7 6. O-O c5 7. Bb2 Be7 8. d3 O-O 9. Nc3 d6 10. cxb5 Nbd7 11. bxa6 Rxa6 12. d4 Qa8 13. dxc5 Nxc5 14. Ne1 Bxg2 15. Nxg2 d5 16. Nf4 Rb8 17. Nd3 Nce4 18. Na4 h5 19. h4 Bd6 20. Be5 Qa7 21.
Kg2 Ng4 22. Bxd6 Rxd6 23. Rc1 Nexf2 24. Nxf2 Ne3+ 25. Kf3 e5 26. Nc5 Nxd1 27. Rfxd1 Rf6+ 28. Kg2 Rc8 29. b4 Qxa2 30. Kf1 e4 31. Nxe4 dxe4 0-1

[Event "***Titled Tuesday 3|2 Blitz"]
[Site "Chess.com"]
[Date "2017.02.07"]
[Round "6"]
[White "Hamisandwich"]
[Black "MumLookatMeNow"]
[Result "1-0"]
[WhiteElo "2427"]
[BlackElo "2253"]
[TimeControl "180+2"]
[EndTime "14:24:18 PST"]
[Termination "Hamisandwich won by resignation"]

1. a3 g6 2. e4 c5 3. d4 Bg7 4. dxc5 Nc6 5. Nf3 Nf6 6. Bd3 O-O 7.
O-O Qc7 8. c3 Ng4 9. h3 Nge5 10.
Nxe5 Nxe5 11. b4 a5 12. Bb2 axb4 13. axb4 Rxa1 14. Bxa1 b6 15. cxb6 Qxb6 16. Be2 Bb7 17. Nd2 f5 18. Qb3+ Kh8 19. exf5 Rxf5 20. c4 Qc6 21. Nf3 Qe4 22. Bxe5 Bxe5 23. Qe3 Qxe3 24. fxe3 Bc3 25. Rb1 e5 26. Rb3 Ba1 27. Ra3 Bb2 28. Ra7 Bxf3 29. Bxf3 Bc1 30. Rxd7 Bxe3+ 31. Kh2 Bf4+ 32.
g3 Bd2 33. Rxd2 Rxf3 34. Rb2 e4 35. b5 Rf7 36. b6 e3 37. b7 1-0

[Event "***Titled Tuesday 3|2 Blitz"]
[Site "Chess.com"]
[Date "2017.02.07"]
[Round "6"]
[White "GMHess"]
[Black "Alexander_Moskalenko"]
[Result "0-1"]
[WhiteElo "2588"]
[BlackElo "2695"]
[TimeControl "180+2"]
[EndTime "14:24:19 PST"]
[Termination "Alexander_Moskalenko won by resignation"]

1. d4 Nf6 2. c4 e6 3. Nc3 Bb4 4.
Qc2 b6 5. a3 Bxc3+ 6. Qxc3 Bb7 7. Bg5 h6 8. Bh4 g5 9. Bg3 Ne4 10. Qc2 d6 11. f3 Nxg3 12. hxg3 Nd7 13. O-O-O Qf6 14. g4 O-O-O 15. e4 Qg6 16. Ne2 h5 17. gxh5 Rxh5 18. Rxh5 Qxh5 19. Nc3 a6 20. Qa4 g4 21. f4 Qh2 22. f5 exf5 23. exf5 Qf4+ 24. Kb1 Qxf5+ 25. Bd3 Qf4 26. Nd5 Qxd4 27. Bf5 Qe5 28. Rf1 b5 29. Qa5 Bxd5 30. cxd5 Kb7 31. Bxg4 Qe4+ 32.
Ka1 Qxg4 33. Rc1 Nb6 34. Qc3 Rc8 35. Qc6+ Kb8 36. Ka2 Qxg2 0-1

[Event "***Titled Tuesday 3|2 Blitz"]
[Site "Chess.com"]
[Date "2017.02.07"]
[Round "6"]
[White "jcibarra"]
[Black "PaulfromSPb"]
[Result "1-0"]
[WhiteElo "2642"]
[BlackElo "2461"]
[TimeControl "180+2"]
[EndTime "14:24:20 PST"]
[Termination "jcibarra won by resignation"]

1. e4 c5 2. Nf3 a6 3. c4 e6 4. Nc3 Nc6 5. d4 cxd4 6. Nxd4 Qc7 7.
Be3 Nf6 8. a3 Ne5 9. Be2 Nxc4 10. Bxc4 Qxc4 11. Rc1 Qc7 12. Ncb5 Qb8 13. Nc7+ Kd8 14.
Nxa8 Qxa8 15. Qc2 Bd6 16. f4 Ng4 17. Bd2 f6 18. h3 Nh6 19. e5 fxe5 20. fxe5 Bxe5 21.
Bg5+ Bf6 22. Qc7+ Ke7 23. Bxf6+ gxf6 24. O-O Nf7 25. Nxe6 b6 26. Rce1 Ne5 27. Rxe5 fxe5 28. Qxe5 dxe6 29. Qg7+ Kd6 30. Rd1+ Kc6 31. Rc1+ Kb5 32.
Qxh8 Bb7 33. Qc3 Qf8 34. a4+ Kxa4 35. Qc4+ 1-0

[Event "***Titled Tuesday 3|2 Blitz"]
[Site "Chess.com"]
[Date "2017.02.07"]
[Round "6"]
[White "HouseOfDurin"]
[Black "proxy6"]
[Result "0-1"]
[WhiteElo "1897"]
[BlackElo "2096"]
[TimeControl "180+2"]
[EndTime "14:24:27 PST"]
[Termination "proxy6 won on time"]

1. d4 Nf6 2. Bg5 d5 3. Bxf6 exf6 4. e3 f5 5. c4 Be6 6. Nc3 c6 7. cxd5 cxd5 8. g3 Nd7 9. Bg2 Nf6 10. Nge2 Bd6 11.
O-O O-O 12. a3 a6 13. Na4 Rc8 14. Rc1 Ne4 15. f3 Nf6 16. Nc5 Qe7 17. b4 a5 18. Qd3 b6 19. Na4 Rb8 20. b5 Bxa3 21. Rc6 Nd7 22. e4 fxe4 23. fxe4 dxe4 24. Bxe4 g6 25. d5 Nc5 26. Nxc5 Bxc5+ 27. Kg2 Bd7 28.
Rcf6 Rbe8 29. Nc3 Bb4 0-1

[Event "***Titled Tuesday 3|2 Blitz"]
[Site "Chess.com"]
[Date "2017.02.07"]
[Round "6"]
[White "martinique24"]
[Black "olomi007"]
[Result "1-0"]
[WhiteElo "2338"]
[BlackElo "2500"]
[TimeControl "180+2"]
[EndTime "14:24:49 PST"]
[Termination "martinique24 won by resignation"]

1. e4 c5 2. Nf3 Nc6 3. Nc3 g6 4. d4 cxd4 5. Nxd4 Bg7 6. Be3 Nf6 7.
Bc4 O-O 8. Bb3 d6 9. f3 Bd7 10. Qd2 Rc8 11. O-O-O Nxd4 12. Bxd4 b5 13. h4 a5 14. h5 a4 15. Bxf6 Bxf6 16. hxg6 e6 17. e5 Bg7 18. Rxh7 Bxe5 19. Rdh1 fxg6 20. Bxa4 bxa4 21. Nd5 Rf7 22. Rxf7 Kxf7 23. Rh7+ Bg7 24. Qh6 Qf8 25. Ne7 Kxe7 26. Rxg7+ Kd8 27. Qg5+ Kc7 28. Qa5+ Kc6 29. Qxa4+ Kb6 30. Qxd7 Qf4+ 31. Kb1 Rc6 32. Qa7+ Kb5 33. Rb7+ Kc4 34. Qa4+ 1-0

[Event "***Titled Tuesday 3|2 Blitz"]
[Site "Chess.com"]
[Date "2017.02.07"]
[Round "6"]
[White "salomez"]
[Black "latigre"]
[Result "1-0"]
[WhiteElo "2143"]
[BlackElo "1740"]
[TimeControl "180+2"]
[EndTime "14:24:49 PST"]
[Termination "salomez won by checkmate"]

1. e4 e5 2. Nf3 Nc6 3. d4 exd4 4.
Nxd4 Qh4 5. Nc3 Bb4 6. Be2 Qxe4 7. Nxc6 Bxc3+ 8. bxc3 Qxc6 9. O-O Ne7 10. Bf3 Qxc3 11. Bg5 f6 12. Bd2 Qc5 13. Rb1 a5 14. Be3 Qc4 15. Re1 O-O 16. Bd4 Qf7 17. Bxb7 Bxb7 18. Rxb7 Nd5 19. c4 Nb4 20. Rxc7 Nc6 21. Bc5 Rfe8 22. Rxe8+ Rxe8 23. h3 Ne5 24. Bd6 Qe6 25. c5 Kf7 26. Bxe5 Qxe5 27. Qxd7+ Kg6 28. Qxg7+ Kf5 29.
Qg4# 1-0

[Event "***Titled Tuesday 3|2 Blitz"]
[Site "Chess.com"]
[Date "2017.02.07"]
[Round "6"]
[White "Ilja_Semjonovs"]
[Black "Ar4uha"]
[Result "0-1"]
[WhiteElo "2179"]
[BlackElo "2434"]
[TimeControl "180+2"]
[EndTime "14:25:00 PST"]
[Termination "Ar4uha won on time"]

1. d4 Nf6 2. Nf3 e6 3. Bg5 c5 4. c3 Be7 5. Bxf6 Bxf6 6. e3 b6 7.
Nbd2 Bb7 8. Bd3 O-O 9. O-O d6 10.
Qe2 Nd7 11. Rad1 Qc7 12. Bb1 g6 13. h4 Rfe8 14. h5 Rad8 15. hxg6 hxg6 16. Ne4 Bg7 17.
Neg5 Nf6 18. a3 Qe7 19. e4 Nh5 20. g3 Bh6 21. Nh3 Qf6 22. Kg2 e5 23. dxe5 dxe5 24. Ba2 Bc8 25. Nhg1 Bg4 26. Rxd8 Rxd8 27. Rd1 Ng7 28. Rxd8+ Qxd8 29. Bxf7+ Kf8 30. Bxg6 Qf6 31. Bf5 Nxf5 32. exf5 Bg7 33. Qe4 Bxf5 34. Qa8+ Kf7 35. Qxa7+ Kg8 36. Qa8+ Kh7 37. Qe8 Bg6 38. Qd7 Be4 39.
Qg4 Bc6 40. Kh2 Bh6 0-1

[Event "***Titled Tuesday 3|2 Blitz"]
[Site "Chess.com"]
[Date "2017.02.07"]
[Round "6"]
[White "3f32"]
[Black "Rikikits"]
[Result "0-1"]
[WhiteElo "2358"]
[BlackElo "2632"]
[TimeControl "180+2"]
[EndTime "14:25:02 PST"]
[Termination "Rikikits won by resignation"]

1. d4 Nf6 2. c4 g6 3. Nc3 Bg7 4.
e4 O-O 5. Bg5 d6 6. h3 c5 7. d5 b5 8. cxb5 a6 9. a4 Nbd7 10. Nf3 axb5 11. Bxb5 Ba6 12. Nd2 Ne5 13. Qe2 Bxb5 14. Nxb5 h6 15. Bf4 Nfd7 16. O-O g5 17. Be3 Ng6 18. g3 Bxb2 19. Ra2 Bg7 20. Nc4 Nb6 21.
Nxb6 Qxb6 22. f4 gxf4 23. gxf4 Kh7 24. Kh2 Rg8 25. Qh5 Rxa4 26. Rxa4 Qxb5 27. Qd1 Nh4 28. Ra2 Qc4 29. Ra4 Qc3 30. Qd2 Qxd2+ 31. Bxd2 Bd4 32. Be1 Ng2 33. Bg3 Ne3 34. Rc1 Rb8 35. h4 h5 36. Ra2 Rb3 37. Re2 c4 38. Kh1 Rd3 39. Bf2 c3 40. Rce1 c2 41. Bxe3 Rxe3 42. Rxc2 Rxe1+ 43. Kg2 Rxe4 44. Rc7 Bf6 0-1

[Event "***Titled Tuesday 3|2 Blitz"]
[Site "Chess.com"]
[Date "2017.02.07"]
[Round "6"]
[White "Kouzari"]
[Black "Paralinch"]
[Result "1-0"]
[WhiteElo "2506"]
[BlackElo "2605"]
[TimeControl "180+2"]
[EndTime "14:25:05 PST"]
[Termination "Kouzari won by resignation"]

1. d4 d5 2. c4 dxc4 3. Nc3 a6 4. a4 Nc6 5. Nf3 e5 6. e3 exd4 7. exd4 Na5 8. Ne5 Nf6 9. Nxc4 Bb4 10. Nxa5 Bxa5 11. Bg5 O-O 12. Be2 h6 13. Bh4 g5 14. Bg3 Ne4 15. O-O Bxc3 16. bxc3 Nxc3 17. Qd2 Qxd4 18. Qb2 Nxe2+ 19. Qxe2 Bg4 20. Qe7 Qd7 21. Qb4 b6 22. Rfc1 Rac8 23. a5 b5 24. h4 Be6 25.
Rc5 Bd5 26. hxg5 hxg5 27. Qd2 c6 28. Qxg5+ Kh7 29. Be5 f6 30. Bxf6 Qf7 31. Ra3 Bxg2 32.
Qh4+ Kg8 1-0

[Event "***Titled Tuesday 3|2 Blitz"]
[Site "Chess.com"]
[Date "2017.02.07"]
[Round "6"]
[White "TomsKantans"]
[Black "Sanan_Sjugirov"]
[Result "0-1"]
[WhiteElo "2524"]
[BlackElo "2656"]
[TimeControl "180+2"]
[EndTime "14:25:07 PST"]
[Termination "Sanan_Sjugirov won by resignation"]

1. e4 c5 2. Nf3 d6 3. d4 cxd4 4.
Nxd4 Nf6 5. Nc3 a6 6. Bg5 e6 7. f4 h6 8. Bh4 Be7 9. Qf3 Nbd7 10.
O-O-O g5 11. Bg3 gxf4 12. Bxf4 e5 13. Nf5 exf4 14. Nxd6+ Bxd6 15. Rxd6 Qe7 16. Qxf4 Rg8 17. Bc4 Rg4 18. Qd2 Rxg2 19. Qd1 Ne5 20. Rf1 Nfg4 21. Qd4 Bd7 22. Rd5 Bc6 23. Rd6 Rd8 24. Rxd8+ Qxd8 25. Qc5 Qd2+ 26. Kb1 Qxc2+ 0-1

[Event "***Titled Tuesday 3|2 Blitz"]
[Site "Chess.com"]
[Date "2017.02.07"]
[Round "6"]
[White "ABDELAZEEZ-M"]
[Black "Vegan4future"]
[Result "0-1"]
[WhiteElo "2138"]
[BlackElo "2425"]
[TimeControl "180+2"]
[EndTime "14:25:12 PST"]
[Termination "Vegan4future won by resignation"]

1. d4 Nf6 2. Nf3 g6 3. Bf4 Bg7 4. e3 O-O 5. Be2 d6 6. Nc3 c5 7. d5 Na6 8. a3 Nc7 9. a4 a6 10. h4 h5 11. Ng5 Rb8 12. g4 Nxg4 13. Bxg4 Bxg4 14. f3 Bd7 15. Rg1 b5 16. axb5 axb5 17. Qd3 c4 18. Qe2 b4 19. Na4 Bb5 20. c3 Nxd5 21.
Kf2 Ra8 22. Qd1 Bxa4 23. Rxa4 Rxa4 24. Qxa4 Nxf4 25. exf4 Qb6+ 26. Kg3 Qxg1+ 27. Kh3 Qf1+ 28. Kg3 b3 29. Qd7 Bf6 30. Ne4 Qe1+ 31. Kg2 Qxh4 32. f5 Kg7 33. fxg6 fxg6 34. Ng3 Qg5 35. Kh3 h4 36. Ne4 Qf5+ 0-1

[Event "***Titled Tuesday 3|2 Blitz"]
[Site "Chess.com"]
[Date "2017.02.07"]
[Round "6"]
[White "Sven_Tica"]
[Black "ZEN-22"]
[Result "0-1"]
[WhiteElo "2412"]
[BlackElo "2382"]
[TimeControl "180+2"]
[EndTime "14:25:18 PST"]
[Termination "ZEN-22 won by resignation"]

1. d4 g6 2. c4 Bg7 3. Nf3 Nf6 4. Nc3 d6 5. Bf4 Nh5 6. Bg5 h6 7. Bh4 g5 8. Bg3 c5 9. dxc5 Qa5 10. Qd2 Nxg3 11. hxg3 dxc5 12. Rc1 Nc6 13. Nd5 Qd8 14. e3 e6 15. Nc3 Qe7 16. Bd3 b6 17. Be4 Bb7 18.
Nb5 Rd8 19. Qc2 Nb4 20. Qb1 Bxe4 21. Qxe4 Nxa2 22. Ra1 a6 23. Rxa2 axb5 24. cxb5 O-O 25. O-O f5 26. Qc4 Kh8 27. Ra6 Rd6 28. b4 Rc8 29.
Rc1 Rdd8 30. Rxb6 cxb4 31. Qxc8 Rxc8 32. Rxc8+ Kh7 33. Nd4 Bxd4 34. exd4 b3 35. Rc1 Qd7 36. Rbc6 Kg6 37. b6 b2 38. b7 bxc1=Q+ 39. Rxc1 Qxb7 40. Rd1 Qb3 41. Rd2 f4 42. gxf4 gxf4 0-1

[Event "***Titled Tuesday 3|2 Blitz"]
[Site "Chess.com"]
[Date "2017.02.07"]
[Round "6"]
[White "lucasmito"]
[Black "Shivagami"]
[Result "0-1"]
[WhiteElo "1776"]
[BlackElo "1986"]
[TimeControl "180+2"]
[EndTime "14:25:18 PST"]
[Termination "Shivagami won on time"]

1. e4 Nc6 2. Nf3 d6 3. d4 Nf6 4. Nc3 Bg4 5. Bb5 a6 6. Bxc6+ bxc6 7. h3 Bh5 8. g4 Bg6 9. Qe2 e6 10. Bg5 Be7 11. O-O-O h6 12. Bxf6 Bxf6 13. h4 d5 14. g5 Be7 15. h5 Bh7 16. exd5 Bxg5+ 17. Kb1 cxd5 18. Rhg1 Bf6 19. Ne5 Qd6 20. f4 Rb8 21. b3 Ke7 22. Kb2 Rb7 23. Na4 Rhb8 24. Nc5 Rb6 25.
Rg3 a5 26. a4 Rd8 27. Rc3 c6 28. Ncd3 Rdb8 29. Rc5 Bxd3 30. Nxd3 Bxd4+ 0-1

[Event "***Titled Tuesday 3|2 Blitz"]
[Site "Chess.com"]
[Date "2017.02.07"]
[Round "6"]
[White "Kacparov"]
[Black "RoelandPruijssers"]
[Result "0-1"]
[WhiteElo "2568"]
[BlackElo "2495"]
[TimeControl "180+2"]
[EndTime "14:25:20 PST"]
[Termination "RoelandPruijssers won by checkmate"]

1. e4 e5 2. a3 Nf6 3. Nc3 d5 4.
exd5 Nxd5 5. Qf3 Nb6 6. Bb5+ c6 7. Bd3 Be7 8. Nge2 O-O 9. Ng3 g6 10. Be2 f5 11. d3 N8d7 12. Bh6 Rf7 13. O-O-O Nf6 14.
h3 Nfd5 15. Nxd5 cxd5 16. Kb1 f4 17. Nf1 Be6 18. Nd2 Rc8 19. g3 Na4 20. Nb3 Bxa3 21. bxa3 Nc3+ 22. Kb2 Na4+ 23. Kb1 Qc7 24. c4 e4 25. dxe4 dxe4 26. Bxf4 exf3 27. Bxc7 fxe2 28. Rd8+ Rxd8 29. Bxd8 Rxf2 30. Re1 Bxc4 31. Nd4 Nc3+ 32. Kb2 Ne4 33. g4 b6 34. Nc2 Nc5 35. Kc3 Ba6 36. Bh4 Rh2 37. Kd2 Rxh3 38. Be7 Nb3# 0-1

[Event "***Titled Tuesday 3|2 Blitz"]
[Site "Chess.com"]
[Date "2017.02.07"]
[Round "6"]
[White "kpio91"]
[Black "Durarbayli"]
[Result "1-0"]
[WhiteElo "2535"]
[BlackElo "2609"]
[TimeControl "180+2"]
[EndTime "14:25:21 PST"]
[Termination "kpio91 won on time"]

1. e4 e5 2. Nf3 Nc6 3. Bc4 Bc5 4.
O-O Nf6 5. d3 d6 6. c3 O-O 7.
Bg5 h6 8. Bh4 Re8 9. a4 a6 10.
Nbd2 Be6 11. a5 Ba7 12. Bxe6 fxe6 13. Nc4 g5 14. Bg3 Ne7 15. Re1 Ng6 16. d4 exd4 17. Nxd4 Bxd4 18. cxd4 Nh7 19. Qh5 Kg7 20. e5 d5 21. Ne3 Rh8 22. Ng4 Nhf8 23. Rf1 Qe8 24. Nf6 Qf7 25. Qg4 Ne7 26. f4 Nf5 27. fxg5 h5 28. Qf4 Ng6 29. Qd2 h4 30. Bf2 c6 31.
Ra3 Rac8 32. g4 hxg3 33. hxg3 c5 34. g4 Nfe7 35. Be1 Kf8 36. Nd7+ Ke8 37. Rxf7 Kxf7 38.
Qf2+ Ke8 39. Nxc5 1-0

[Event "***Titled Tuesday 3|2 Blitz"]
[Site "Chess.com"]
[Date "2017.02.07"]
[Round "6"]
[White "IMJonathanCarlstedt"]
[Black "Iball95"]
[Result "1-0"]
[WhiteElo "2420"]
[BlackElo "2396"]
[TimeControl "180+2"]
[EndTime "14:25:22 PST"]
[Termination "IMJonathanCarlstedt won by resignation"]

1. c4 e5 2. g3 Nf6 3. Bg2 h6 4. Nf3 e4 5. Nd4 Nc6 6. Nc2 d5 7. cxd5 Qxd5 8. Nc3 Qe5 9. O-O Bf5 10. b3 Bc5 11. Bb2 Qe7 12. Ne3 Bxe3 13. fxe3 Bg6 14. Nb5 O-O-O 15. Qc1 Kb8 16. Nd4 Nxd4 17. exd4 Nd5 18.
e3 h5 19. Qc5 Qd7 20. h4 b6 21. Qc4 Rhe8 22. a4 a5 23. Bc3 Qd6 24. Kh2 f6 25.
Rfb1 Bf7 26. Qa6 g5 27. b4 gxh4 28. bxa5 Rg8 29. Rg1 Qxg3+ 30. Kh1 Rd6 31. axb6 Rxb6 32. Rab1 Qd6 33. a5 Rxg2 34. Rxb6+ cxb6 35. Rxg2 h3 36. Rg1 h2 37. Rg2 h4 38. axb6 Nxb6 39. Ba5 Nc8 40.
Qxd6+ Nxd6 41. Rxh2 Nf5 42. Bd8 Bh5 43. Bxf6 Ng3+ 44. Kg1 Bf3 45. Kf2 Nh1+ 46. Ke1 Ng3 47. Be5+ Kb7 48. Bxg3 hxg3 49. Rh3 g2 50. Rg3 Kc6 51.
Kf2 Kd5 52. Rxg2 1-0

[Event "***Titled Tuesday 3|2 Blitz"]
[Site "Chess.com"]
[Date "2017.02.07"]
[Round "6"]
[White "underdogchss"]
[Black "Evgeny_Levin"]
[Result "0-1"]
[WhiteElo "2456"]
[BlackElo "2778"]
[TimeControl "180+2"]
[EndTime "14:25:30 PST"]
[Termination "Evgeny_Levin won by resignation"]

1. d4 Nf6 2. Nf3 e6 3. c4 b6 4. g3 Ba6 5. b3 Bb4+ 6. Bd2 Be7 7. Nc3 d5 8. cxd5 exd5 9. Bg2 O-O 10. O-O Bb7 11. Rc1 Nbd7 12. Bf4 c6 13. Nh4 Nh5 14. Nf5 Nxf4 15. gxf4 Ba3 16. Rc2 Qf6 17. Qd3 Rfe8 18. Bh3 Rad8 19. Kh1 g6 20. Nh6+ Kg7 21.
Qg3 Kxh6 22. Bxd7 Re7 23. Bg4 Qxd4 24. e4 Rde8 25. e5 Kg7 26. Rd1 Qc5 27. Qh4 d4 28. Qf6+ Kg8 29. e6 Rxe6 30. Bxe6 Rxe6 31. Qd8+ Kg7 32.
Rxd4 Qh5 33. Re2 c5+ 34. Ne4 Qxe2 0-1

[Event "***Titled Tuesday 3|2 Blitz"]
[Site "Chess.com"]
[Date "2017.02.07"]
[Round "6"]
[White "vellottiwizard"]
[Black "BillieKimbah"]
[Result "0-1"]
[WhiteElo "2539"]
[BlackElo "2603"]
[TimeControl "180+2"]
[EndTime "14:25:40 PST"]
[Termination "BillieKimbah won by resignation"]

1. e4 e5 2. Nf3 Nc6 3. Bb5 a6 4. Ba4 Nf6 5. O-O Be7 6. d4 exd4 7.
Re1 b5 8. e5 Nxe5 9. Nxe5 bxa4 10. Qxd4 O-O 11. Qxa4 Rb8 12. Nc3 Rb4 13. Qa5 Bb7 14. a3 Rh4 15. h3 Rh5 16. Qa4 Bd6 17. Nc4 Bc5 18. Be3 Qa8 19. f3 Bxf3 20. Bxc5 Rxc5 21.
Ne3 Re8 22. Qf4 Bh5 23. Nf5 Bg6 24. Nd4 d6 25. Nf3 Bxc2 26. Rxe8+ Qxe8 27. Re1 Qd8 28. Qd2 Bg6 29. b4 Rf5 30. Qe2 h6 31. Qxa6 Rf4 32. Ne2 Re4 33. Ned4 c5 34. Nc6 Qe8 35. Rd1 Re2 36. bxc5 Qe3+ 37. Kh1 Be4 38. Rf1 Nh5 39. Ne7+ Kh7 40. Qxd6 Bxf3 41. Rxf3 Re1+ 0-1

[Event "***Titled Tuesday 3|2 Blitz"]
[Site "Chess.com"]
[Date "2017.02.07"]
[Round "6"]
[White "Pierrebl"]
[Black "Blitzstream"]
[Result "1/2-1/2"]
[WhiteElo "2400"]
[BlackElo "2441"]
[TimeControl "180+2"]
[EndTime "14:25:53 PST"]
[Termination "Game drawn by repetition"]

1. Nf3 e6 2. c4 g5 3. d4 g4 4. Ne5 h5 5. Nc3 d6 6. Nd3 f5 7. e4 Nf6 8. Bg5 Be7 9. exf5 exf5 10.
Qc2 Nc6 11. Be3 O-O 12. O-O-O d5 13. Nf4 Nb4 14. Qb3 a5 15. cxd5 Bd6 16. a3 Bxf4 17.
Bxf4 Nbxd5 18. Bc4 c6 19. Be5 Be6 20. Bxf6 Rxf6 21.
Rhe1 a4 22. Qxb7 Rb8 23. Qa7 Nxc3 24. Rxe6 Rxe6 25. Bxe6+ Kh8 26. bxc3 Qd6 27. Kc2 Re8 28. Re1 Rxe6 29. Rxe6 Qxe6 30. Qb8+ Kh7 31. Qc7+ Kg6 32. Qe5 Qa2+ 33. Kd3 Qb1+ 34. Kd2 Qb2+ 35. Kd3 Qb1+ 36. Kd2 Qb2+ 37. Kd3 Qxa3 38. Qe6+ Kg5 39. Qe3+ Kf6 40. Qh6+ Kf7 41. Qxh5+ Kf6 42. Qh6+ Kf7 43. Qh5+ Kf6 44. Qh6+ Kf7 45. Qh5+ Kf6 1/2-1/2

[Event "***Titled Tuesday 3|2 Blitz"]
[Site "Chess.com"]
[Date "2017.02.07"]
[Round "6"]
[White "Janosik"]
[Black "biostatistician"]
[Result "1-0"]
[WhiteElo "2618"]
[BlackElo "2497"]
[TimeControl "180+2"]
[EndTime "14:25:55 PST"]
[Termination "Janosik won by resignation"]

1. d4 Nf6 2. c4 g6 3. g3 Bg7 4. Bg2 O-O 5. Nc3 c5 6. Nf3 cxd4 7.
Nxd4 Nc6 8. O-O Nxd4 9. Qxd4 d6 10.
Qd2 a6 11. b3 Rb8 12. a4 b5 13. axb5 axb5 14. cxb5 Be6 15. Ra3 Nd7 16. Bb2 Nc5 17.
b4 Nb3 18. Qd3 Nd4 19. Rb1 Qc7 20. Bd5 Bf5 21. Be4 Bxe4 22. Qxe4 Nxb5 23. Nd5 Qb7 24.
Nxe7+ Kh8 25. Bxg7+ Kxg7 26. Qxb7 Rxb7 27. Re3 Nd4 28.
Nd5 Rc8 29. Kf1 Rc2 30. Rd3 Nxe2 31. Ne3 Ra2 32. Re1 Nxg3+ 33. hxg3 Rxb4 34. Rxd6 Rbb2 35. Nd1 Rd2 36. Rxd2 Rxd2 37. Ne3 h5 38. Rd1 Rb2 39. Kg2 g5 40. Kf3 Kg6 41. Rd6+ Kg7 42. Nf5+ Kh7 43. Rh6+ Kg8 44. Rxh5 Rb5 45. Rxg5+ Kf8 46. Rh5 1-0

[Event "***Titled Tuesday 3|2 Blitz"]
[Site "Chess.com"]
[Date "2017.02.07"]
[Round "6"]
[White "plouarzel"]
[Black "kikydu96"]
[Result "0-1"]
[WhiteElo "2397"]
[BlackElo "2344"]
[TimeControl "180+2"]
[EndTime "14:25:59 PST"]
[Termination "kikydu96 won by checkmate"]

1. e4 e5 2. Nf3 Nc6 3. d4 exd4 4.
Nxd4 Nf6 5. Nxc6 bxc6 6. e5 Qe7 7. Qe2 Nd5 8. c4 Nb6 9. Nc3 g6 10. Bf4 Bg7 11. O-O-O O-O 12. h4 Re8 13. h5 Bxe5 14.
Bxe5 Qxe5 15. Qd2 d5 16. hxg6 hxg6 17. cxd5 cxd5 18. Nxd5 Nxd5 19. Qxd5 Qf4+ 20. Qd2 Qxd2+ 21. Rxd2 Bf5 22. Bc4 Kg7 23. f3 Rab8 24. b3 a5 25. g4 Be6 26. Bxe6 Rxe6 27. Rd7 Rf6 28. Rf1 Rb4 29.
Rxc7 a4 30. Rc4 Rxc4+ 31. bxc4 Rc6 32. Kb2 Rxc4 33. Rd1 Kf6 34. Ka3 Rf4 35. Rd3 Kg5 36. Kb2 Kh4 37. Re3 Kg3 38. Re4 Rxe4 39. fxe4 Kxg4 40. Ka3 Kf4 41. Kxa4 g5 42. Kb5 g4 43.
a4 g3 44. a5 g2 45. a6 g1=Q 46. a7 Qxa7 47. e5 Kxe5 48. Kc6 f5 49. Kb5 Kd5 50.
Kb4 Qc5+ 51. Ka4 Qb6 52. Ka3 f4 53. Ka2 f3 54. Ka3 Kc4 55. Ka4 f2 56. Ka3 Qb3# 0-1

[Event "***Titled Tuesday 3|2 Blitz"]
[Site "Chess.com"]
[Date "2017.02.07"]
[Round "6"]
[White "AkshatChandra"]
[Black "Maitreia"]
[Result "1-0"]
[WhiteElo "2652"]
[BlackElo "2488"]
[TimeControl "180+2"]
[EndTime "14:26:04 PST"]
[Termination "AkshatChandra won by resignation"]

1. e4 c5 2. Nf3 g6 3. d4 cxd4 4. Nxd4 Nc6 5. c4 Nf6 6. Nc3 Nxd4 7. Qxd4 d6 8. f3 Bg7 9. Be3 O-O 10. Qd2 Bd7 11. Be2 a5 12. O-O Bc6 13. b3 Nd7 14.
Rab1 Nc5 15. Bd1 Be5 16. a3 e6 17. b4 axb4 18. axb4 Qf6 19. Ne2 Na4 20. b5 Nc3 21. Nxc3 Bxc3 22. Qxd6 Rfd8 23. Qg3 Bd4 24. Bxd4 Qxd4+ 25. Qf2 Be8 26. Bb3 Ra3 27. Qxd4 Rxd4 28. Rb2 e5 29. Kf2 b6 30. Ke2 Kf8 31. Rd1 Rxd1 32. Bxd1 Ke7 33. c5 bxc5 34. b6 Ra8 35. Kd3 Kd6 36. Kc4 f5 37. b7 Rb8 38. Rb6+ Kc7 39. Kxc5 fxe4 40. fxe4 Rxb7 41. Rxb7+ Kxb7 42. Kd6 Kc8 43. Kxe5 Bc6 44. Bf3 Kd8 45. Kf6 Ke8 46. e5 Bd7 47. Bd5 Bf5 48. Bf7+ 1-0

[Event "***Titled Tuesday 3|2 Blitz"]
[Site "Chess.com"]
[Date "2017.02.07"]
[Round "6"]
[White "RitvarsReimanis"]
[Black "A-Fier"]
[Result "1-0"]
[WhiteElo "2377"]
[BlackElo "2487"]
[TimeControl "180+2"]
[EndTime "14:26:05 PST"]
[Termination "RitvarsReimanis won by resignation"]

1. d4 Nf6 2. c4 c5 3. d5 e6 4. Nc3 exd5 5. cxd5 d6 6. h3 g6 7. Nf3 Bg7 8. e4 O-O 9. Bd3 Re8 10. O-O c4 11. Bc2 Nbd7 12. Re1 Nc5 13. Bf4 Nfd7 14. Bxd6 Qb6 15. e5 Qxb2 16. Qd2 Qb6 17.
Rab1 Qa6 18. Nb5 Nb3 19. Qb4 Qxa2 20. Bxb3 cxb3 21. Qxb3 Qxb3 22. Rxb3 Nb6 23. Nc7 Bf5 24. Ra1 Be4 25. Nxa8 Nxa8 26. Rxb7 Bxd5 27. Rb8 Rxb8 28.
Bxb8 Nb6 29. Rxa7 Nc4 30. Re7 h6 31. Re8+ Kh7 32. Bd6 g5 33. Nd4 Kg6 34. Nf3 Kh7 35. Re7 Kg6 36. Bc7 Bf8 37. Re8 Bc5 38. Bd6 Bb6 39.
Rb8 h5 40. Nd2 Bxf2+ 41. Kxf2 Nxd2 42. Rb6 Kf5 43. g4+ hxg4 44. hxg4+ Kxg4 45. Rb4+ Kf5 46. Rd4 Ne4+ 47. Ke3 Bb7 48. Rb4 Bc6 49. Rb6 Bd5 50. Bb8 Be6 51. Rb1 Ng3 52. Rg1 Kg4 53. Kf2 Kf4 54. Rxg3 g4 55. Bd6 Ke4 56. Ra3 Kf4 57.
Ra4+ Kg5 58. Kg3 Bf5 59. Rb4 Be6 60. Rf4 Bf5 61. Be7+ Kg6 62. Rxg4+ Bxg4 63. Kxg4 Kg7 64. Kf5 Kg8 65. Kf6 Kh8 66. Kxf7 1-0